[Event "Kvibergspelen 2022"]
[Site "Kviberg Park Hotel & Conference, Krutvagen 2, Gothenburg, Sweden"]
[Date "2022.09.30"]
[Round "3.8"]
[White "Grahn, Vidar"]
[Black "Hamark, Jesper"]
[Result "0-1"]
[TimeControl "15 minutes + 5 seconds per move from move one (Round 1 - 4) / 90 minutes + 30 seconds per move from move one (Round 5 - 8)"]
[WhiteFideId "1744780"]
[BlackFideId "1704338"]
[WhiteElo "2054"]
[BlackElo "2348"]

1. e4 c5 2. Nf3 g6 3. c3 d5 4. exd5 Qxd5 5. d4 Nc6 6. Be3 Bg7 7. Na3 cxd4 8. Bc4 Qd8 9. Nxd4 Nxd4 10. Bxd4 Bxd4 11. Bb5+ Kf8 12. Qxd4 Qxd4 13. cxd4 Nf6 14. Rc1 Be6 15. Rc7 Nd5 16.
Rc5 b6 17. Rc1 Kg7 18. O-O Rac8 19. Bc4 Rhd8 20. b3 Nf4 21. Rcd1 Bxc4 22. Nxc4 Ne2+ 23. Kh1 Nxd4 24. g3 Kf6 25. Kg2 b5 26. Ne3 e6 27.
Rd2 Ke7 28. Rfd1 Nc6 29. Ng4 Rxd2 30. Rxd2 Rd8 31. Rc2 Rd6 32.
Ne3 Kd7 33. a4 Nd4 34. Rc3 a6 35. axb5 axb5 36. Rc5 Rc6 37.
Re5 0-1

[Event "Kvibergspelen 2022"]
[Site "Kviberg Park Hotel & Conference, Krutvagen 2, Gothenburg, Sweden"]
[Date "2022.09.30"]
[Round "3.9"]
[White "Mohammadi, Amir"]
[Black "Kashwan, Hassan"]
[Result "0-1"]
[TimeControl "15 minutes + 5 seconds per move from move one (Round 1 - 4) / 90 minutes + 30 seconds per move from move one (Round 5 - 8)"]
[WhiteFideId "1705890"]
[BlackFideId "137122555"]
[WhiteElo "2294"]
[BlackElo "1902"]

1. e4 c5 2. Nc3 Nc6 3. g3 Nf6 4.
Bg2 d6 5. d3 h6 6. h3 e5 7. Be3 Be7 8. f4 Nd4 9. Nf3 Nh5 10. Bf2 exf4 11. Nxd4 cxd4 12. Qxh5 dxc3 13. gxf4 cxb2 14.
Qb5+ Bd7 15. Qxb2 Bf6 16. Bd4 Qa5+ 17. Ke2 Bxd4 18. Qxd4 O-O 19. Bf3 Rac8 20. c4 b5 21. Rhg1 f6 22.
Qxd6 bxc4 23. Qxd7 cxd3+ 24. Ke3 Qc5+ 25. Qd4 Qa3 26.
Bd1 d2+ 27. Bb3+ Kh8 28. Rad1 Rcd8 29. Qc4 Qa5 30. Rg2 Qb6+ 31. Kf3 Rd4 32. Qe6 Rd3+ 33. Kg4 Qe3 34. Kh4 Qxf4+ 35. Qg4 Qg5+ 36.
Qxg5 fxg5+ 37. Kh5 Rxh3+ 38. Kg4 Re3 39. Rg3 Rf4+ 40. Kh3 Rh4+ 41. Kg2 Re2+ 42. Kf3 Rhxe4 43. Bc2 R4e3+ 44. Kg4 h5+ 45. Kh3 g4+ 46. Kh4 Rh2+ 47. Kg5 Rxg3 48. Rb1 Kg8 0-1

[Event "Kvibergspelen 2022"]
[Site "Kviberg Park Hotel & Conference, Krutvagen 2, Gothenburg, Sweden"]
[Date "2022.09.30"]
[Round "3.10"]
[White "Lindholm, Gustav"]
[Black "Olsson, William"]
[Result "0-1"]
[TimeControl "15 minutes + 5 seconds per move from move one (Round 1 - 4) / 90 minutes + 30 seconds per move from move one (Round 5 - 8)"]
[BlackTitle "FM"]
[WhiteFideId "1736515"]
[BlackFideId "1741721"]
[WhiteElo "2026"]
[BlackElo "2288"]

1. d4 d5 2. c4 c6 3. Nf3 Nf6 4. Nc3 e6 5. Bg5 h6 6. Bh4 dxc4 7. e4 g5 8. Bg3 b5 9. e5 Nd5 10. Nd2 Nd7 11.
h4 Bb4 12. Nde4 Rg8 13. hxg5 hxg5 14. Rh7 Nf8 15. Rh5 Bb7 16. Qg4 Qa5 17. Rxg5 Rxg5 18. Qxg5 Be7 19. Qd2 b4 20. Nxd5 cxd5 21.
Nf6+ Bxf6 22. exf6 Qb6 23. Be2 a5 24. Bh5 Ra7 25. Qf4 Ba6 26. Rc1 Rb7 27. Qg4 b3 28. a3 Rd7 29. Rc3 Bc8 30. Re3 Rb7 31. Bf4 Qxd4 0-1

[Event "Kvibergspelen 2022"]
[Site "Kviberg Park Hotel & Conference, Krutvagen 2, Gothenburg, Sweden"]
[Date "2022.09.30"]
[Round "3.11"]
[White "Heidarsson, Arnar Milutin"]
[Black "Johannesson, Oliver"]
[Result "0-1"]
[TimeControl "15 minutes + 5 seconds per move from move one (Round 1 - 4) / 90 minutes + 30 seconds per move from move one (Round 5 - 8)"]
[BlackTitle "FM"]
[WhiteFideId "2312875"]
[BlackFideId "2305623"]
[WhiteElo "2020"]
[BlackElo "2205"]

1. d4 d5 2. c4 c6 3. Nc3 Nf6 4. cxd5 cxd5 5. f3 Nc6 6. e4 a6 7. e5 Nd7 8. f4 Nb6 9. Nf3 Bg4 10. Be2 e6 11. O-O Rc8 12. Be3 Nc4 13. Bxc4 dxc4 14.
d5 exd5 15. Nxd5 Be7 16. Nb6 Rb8 17. Nxc4 O-O 18. Qe2 Qd5 19. Rad1 Qe4 20. Qd3 Qxd3 21. Rxd3 Nb4 22. Rb3 Be6 23. Rc3 Nxa2 24. Rc2 Nb4 25. Rc3 Nd5 26. Rcc1 b5 27. Ba7 Rb7 28. Na5 Rxa7 29. Nc6 Rc7 30. Nfd4 Rfc8 31. f5 Bd7 32.
Nxe7+ Nxe7 33. Rcd1 Nc6 34. Nxc6 Bxc6 35. Rd6 Rd7 36. Rfd1 Rxd6 37. Rxd6 Kf8 38. Kf2 a5 39. g4 Ke7 40. Ke3 f6 41.
Re6+ Kf7 42. exf6 Re8 43. fxg7 Rxe6+ 44. fxe6+ Kxg7 45. Kd4 Kf6 46. Kc5 Be8 47. Kd6 a4 48.
g5 Kxg5 49. Ke7 Bg6 0-1

[Event "Kvibergspelen 2022"]
[Site "Kviberg Park Hotel & Conference, Krutvagen 2, Gothenburg, Sweden"]
[Date "2022.09.30"]
[Round "3.12"]
[White "Rasti, Arvin"]
[Black "Andersson, Christian"]
[Result "1-0"]
[TimeControl "15 minutes + 5 seconds per move from move one (Round 1 - 4) / 90 minutes + 30 seconds per move from move one (Round 5 - 8)"]
[WhiteFideId "1741160"]
[BlackFideId "1724789"]
[WhiteElo "2186"]
[BlackElo "1781"]

1. e4 c5 2. Nf3 Nc6 3. Bb5 a6 4. Bxc6 dxc6 5. O-O Qc7 6. e5 Bg4 7. Re1 O-O-O 8. h3 Bh5 9. b3 h6 10. e6 fxe6 11. Bb2 Nf6 12.
Be5 Qd7 13. Nc3 Rg8 14. Na4 Nd5 15. c4 b5 16. Nxc5 1-0

[Event "Kvibergspelen 2022"]
[Site "Kviberg Park Hotel & Conference, Krutvagen 2, Gothenburg, Sweden"]
[Date "2022.09.30"]
[Round "3.13"]
[White "Persson, Sebastian"]
[Black "Malmqvist, Glenn"]
[Result "1-0"]
[TimeControl "15 minutes + 5 seconds per move from move one (Round 1 - 4) / 90 minutes + 30 seconds per move from move one (Round 5 - 8)"]
[WhiteFideId "1764187"]
[BlackFideId "1705750"]
[WhiteElo "1659"]
[BlackElo "2172"]

1. d4 d5 2. c4 e6 3. Nf3 Nf6 4. Bg5 Be7 5. e3 O-O 6. Be2 Ne4 7. Bxe7 Qxe7 8. O-O Nd7 9. Nc3 Ndf6 10.
Qb3 c6 11. a4 Nxc3 12. bxc3 Ne4 13. a5 g5 14. Bd3 g4 15. Bxe4 dxe4 16. Nd2 f5 17. c5 Rf6 18. f3 Rh6 19.
fxg4 Qh4 20. h3 fxg4 21. Rf4 Rg6 22. Nxe4 Qe7 23. Rxg4 Rxg4 24. hxg4 Kg7 25. Rf1 e5 26. Nd6 Be6 27. Qxb7 Qxb7 28. Nxb7 exd4 29.
cxd4 Rb8 30. Nd6 Bxg4 31. e4 Rb4 32. Rf4 h5 33. e5 1-0

[Event "Kvibergspelen 2022"]
[Site "Kviberg Park Hotel & Conference, Krutvagen 2, Gothenburg, Sweden"]
[Date "2022.09.30"]
[Round "3.14"]
[White "Kjartansson, Matthias Bjorgvin"]
[Black "Mitusov, Semen"]
[Result "0-1"]
[TimeControl "15 minutes + 5 seconds per move from move one (Round 1 - 4) / 90 minutes + 30 seconds per move from move one (Round 5 - 8)"]
[BlackTitle "FM"]
[WhiteFideId "2319225"]
[BlackFideId "14151049"]
[WhiteElo "1494"]
[BlackElo "2418"]

1. d4 d5 2. c4 e6 3. Nc3 Be7 4. Nf3 Nf6 5. Bg5 O-O 6. e3 h6 7. Bh4 b6 8. cxd5 Nxd5 9. Nxd5 exd5 10.
Bxe7 Qxe7 11. Be2 Be6 12. O-O c5 13. dxc5 bxc5 14. Rc1 Nd7 15. Re1 Rab8 16. b3 Rfc8 17. Qd2 Rb6 18. Nd4 Nf6 19.
Nxe6 fxe6 20. Bf3 Nd7 21. Qc3 Rbc6 22. Red1 R6c7 23. Qb2 Qd6 24. g3 Nb6 25. Qa3 Qe5 26. Bg4 h5 27. Bh3 h4 28.
Qa6 Qf6 29. a4 Kf7 30. Qe2 Rh8 31. Rf1 Nd7 32. Bg2 Ke7 33. Qg4 Ne5 34. Qf4 Rb8 35. Rc3 hxg3 36. fxg3 Qxf4 37. exf4 d4 38.
Rcc1 Ng4 39. Rb1 Ne3 40. Rf3 Rcc8 41. Bf1 Rb4 42. Bb5 c4 43. Rc1 c3 44. Rxe3 dxe3 45. Bc4 Rbxc4 46. bxc4 Rxc4 47. Kf1 c2 48. Ke2 Rc3 49. h3 Kd6 50. Kf3 Kd5 51.
g4 Kc4 52. f5 exf5 53. gxf5 Kd3 0-1

[Event "Kvibergspelen 2022"]
[Site "Kviberg Park Hotel & Conference, Krutvagen 2, Gothenburg, Sweden"]
[Date "2022.09.30"]
[Round "3.16"]
[White "Nygren, David"]
[Black "Olsson, Thomas"]
[Result "1/2-1/2"]
[TimeControl "15 minutes + 5 seconds per move from move one (Round 1 - 4) / 90 minutes + 30 seconds per move from move one (Round 5 - 8)"]
[WhiteFideId "1704761"]
[BlackFideId "1702696"]
[WhiteElo "2165"]
[BlackElo "1908"]

1. e4 e5 2. Nf3 Nc6 3. Bb5 a6 4. Ba4 d6 5. Bxc6+ bxc6 6. d4 f6 7. Nc3 Ne7 8. Be3 Ng6 9.
Qd2 Be7 10. h4 h5 11. O-O-O Bd7 12. Rde1 Qb8 13. g3 Qb4 14. Nb1 Qa4 15. Nc3 Qb4 16. Qd3 Rb8 17. Nd1 Bg4 18. Bd2 Qb7 19.
Bc3 Qb5 20. Qxb5 cxb5 21. Re3 b4 22. Bd2 Bxf3 23. Rxf3 exd4 24. Rf5 c5 25. Bf4 Kd7 26. Bd2 Ne5 27. Rf4 a5 28. f3 Bf8 29.
g4 Ng6 30. Rf5 hxg4 31. h5 Ne7 32. Rf4 gxf3 33. Rxf3 Nc6 34. Bf4 Ne5 1/2-1/2

[Event "Kvibergspelen 2022"]
[Site "Kviberg Park Hotel & Conference, Krutvagen 2, Gothenburg, Sweden"]
[Date "2022.09.30"]
[Round "3.17"]
[White "Hagevi, Vidar"]
[Black "Ulff, Johan"]
[Result "0-1"]
[TimeControl "15 minutes + 5 seconds per move from move one (Round 1 - 4) / 90 minutes + 30 seconds per move from move one (Round 5 - 8)"]
[WhiteFideId "1767526"]
[BlackFideId "1733893"]
[WhiteElo "1922"]
[BlackElo "2132"]

1. e4 Nc6 2. Nf3 d6 3.
d4 g6 4.
Nc3 Bg7 5. Be2 Bd7 6. O-O Nf6 7. h3 O-O 8. Bg5 h6 9. Be3 e6 10. Qd2 Kh7 11. a4 d5 12. e5 Ne4 13. Nxe4 dxe4 14.
Nh2 Ne7 15. Ng4 Nf5 16. c3 Bc6 17. b4 b6 18. a5 b5 19. a6 Rb8 20. Ra5 Qd7 21. Rd1 Bd5 22. Bxh6 Nxh6 23. Qxh6+ Bxh6 24.
Nf6+ Kg7 25. Nxd7 c6 26. Nxb8 Rxb8 27.
Ra3 f5 28. exf6+ Kxf6 29. g3 Ke7 30. Rf1 Rf8 31. c4 bxc4 32. Rc3 Bd2 33. Rc2 c3 34. h4 Bb3 35. Rfc1 Bxc2 36. Rxc2 Rb8 37.
g4 Rxb4 38. h5 gxh5 39. gxh5 Rxd4 40. Kg2 Rb4 41. Kg3 Kf6 42. f3 e3 43. f4 Rb2 44. Rxb2 cxb2 45. Bd3 e2 46. Bxe2 b1=Q 0-1

[Event "Kvibergspelen 2022"]
[Site "Kviberg Park Hotel & Conference, Krutvagen 2, Gothenburg, Sweden"]
[Date "2022.09.30"]
[Round "3.18"]
[White "Jakenberg, Jussi"]
[Black "Morell, Ludvig"]
[Result "1-0"]
[TimeControl "15 minutes + 5 seconds per move from move one (Round 1 - 4) / 90 minutes + 30 seconds per move from move one (Round 5 - 8)"]
[WhiteFideId "1710931"]
[BlackFideId "1736779"]
[WhiteElo "2114"]
[BlackElo "1846"]

1. d4 d5 2. Nf3 Nf6 3. g3 Bf5 4. c4 c6 5. Nc3 e6 6. Qb3 Qc8 7. Bg2 Nbd7 8. O-O h6 9. cxd5 exd5 10.
Bf4 Nh5 11. Bd2 Bd6 12. Rac1 Nb6 13. Ne5 Bh3 14. Nxd5 Nxd5 15. Bxd5 Be6 16. Bxe6 Qxe6 17. Qxe6+ fxe6 18. Nc4 Bc7 19. Ba5 Bd8 20. Bxd8 Rxd8 21. e3 Nf6 22. Na5 Rd7 23. Rc2 Nd5 24. a3 Ke7 25. Nc4 Rc8 26. Ne5 Rdc7 27. Rfc1 Nf6 28. Kg2 Rd8 29. h4 Ne4 30. Ng6+ Kf7 31. Ne5+ Ke7 32. b4 Nd6 33. Nc4 Nxc4 34. Rxc4 Rcd7 35. Rc5 Kf6 36. R1c2 a6 37.
Kf3 g5 38. hxg5+ hxg5 39. Rc1 Rh8 40. Kg4 Rg7 41. a4 Rh2 42. f3 Ra2 43. b5 cxb5 44. axb5 a5 45. b6 Ra3 46. R1c3 Ra1 47. Rc7 1-0

[Event "Kvibergspelen 2022"]
[Site "Kviberg Park Hotel & Conference, Krutvagen 2, Gothenburg, Sweden"]
[Date "2022.09.30"]
[Round "3.19"]
[White "Brobakken, Geir"]
[Black "Svensson, Hakan"]
[Result "0-1"]
[TimeControl "15 minutes + 5 seconds per move from move one (Round 1 - 4) / 90 minutes + 30 seconds per move from move one (Round 5 - 8)"]
[WhiteFideId "1511270"]
[BlackFideId "1714201"]
[WhiteElo "1696"]
[BlackElo "2067"]

1. e4 e5 2. Nc3 Nc6 3. Bc4 f5 4.
d3 Nf6 5. Nf3 fxe4 6. dxe4 Bc5 7. O-O h6 8. a3 d6 9. Qd3 Bg4 10. h3 Bh5 11. Ne2 Qd7 12. b4 Bb6 13. c3 g5 14.
Ng3 Bg6 15. a4 a5 16. b5 Ne7 17. Rd1 g4 18. hxg4 Qxg4 19. Be3 Bxe3 20. Qxe3 Nxe4 21. Nxe4 Qxe4 22. Qxe4 Bxe4 23. Ne1 d5 24.
Bb3 O-O-O 25. Nd3 Rhg8 26. Nxe5 Bxg2 27. Kh2 Rdf8 28. Ra2 Rf5 29. Re1 Rh5+ 30. Kg1 Rh1# 31. Rea1 0-1

[Event "Kvibergspelen 2022"]
[Site "Kviberg Park Hotel & Conference, Krutvagen 2, Gothenburg, Sweden"]
[Date "2022.09.30"]
[Round "4.1"]
[White "Olsson, William"]
[Black "Hillarp, Tiger"]
[Result "0-1"]
[TimeControl "15 minutes + 5 seconds per move from move one (Round 1 - 4) / 90 minutes + 30 seconds per move from move one (Round 5 - 8)"]
[WhiteTitle "FM"]
[BlackTitle "GM"]
[WhiteFideId "1741721"]
[BlackFideId "1700812"]
[WhiteElo "2288"]
[BlackElo "2511"]

1. c4 e5 2. g3 h5 3. h3 Bc5 4. Bg2 d6 5. Nc3 a6 6. e3 Ba7 7. Nge2 Nc6 8. a3 h4 9. g4 f5 10.
gxf5 Bxf5 11. d4 Nf6 12. Qa4 Bd7 13. Qd1 Bf5 14. b4 Qd7 15. c5 exd4 16. exd4 dxc5 17. dxc5 Qxd1+ 18. Nxd1 Be4 19. O-O Bxg2 20. Kxg2 O-O-O 21. Ne3 Ne5 22. Nf4 g5 23. Ne6 Rde8 24. Ng7 Reg8 25. Bb2 Ned7 26. Nef5 Nd5 27. Rad1 c6 28. Rxd5 cxd5 29. Ne7+ Kd8 30. Nxg8 Rxg8 31. Rd1 Ke7 32. Rxd5 Bb8 33. Rxg5 Kf7 34.
Rg4 Be5 35. Nf5 Rxg4+ 36. hxg4 Bxb2 37. Nd6+ Kf6 38. Nxb7 Bxa3 39.
c6 Nb6 40. Nc5 Bxb4 41. Nxa6 Bd6 42. Kh3 Kg5 43. c7 Nc8 44.
Nb8 Bxc7 45. Nc6 Nd6 46. Nd4 Bb6 47. Nf3+ Kf4 48. Nxh4 Bxf2 49. Ng2+ Kg5 50. Ne3 Bxe3 51. Kg2 Kxg4 52. Kh1 Ne4 53. Kg2 Nf2 54. Kf1 Kg3 55.
Kg1 Bb6 56. Kf1 Kh2 57. Ke1 Kg2 58. Ke2 Ba7 59. Ke1 Nh3 60. Ke2 Nf4+ 61. Kd2 Bd4 62. Kc2 Kf3 63. Kb3 Ke4 64. Kc4 Ne6 65. Kb5 Kd5 66. Ka6 Kc6 67. Ka5 Nc7 68. Kb4 Kd5 69. Ka5 Kc4 70. Ka4 Bb6 71. Ka3 Nd5 72. Kb2 Nb4 73. Kc1 Kd3 74. Kb2 Kc4 75. Kc1 Kd3 76. Kb2 Nc6 77. Kb3 Nd4+ 78. Kb4 Ba7 79. Ka5 Bc5 80. Ka6 Kc4 81. Kb7 Kb5 82. Kc7 Nc6 83. Kb7 Nd8+ 84. Kc7 Bb6+ 85. Kc8 Kc6 86. Kb8 Nb7 87. Ka8 Nc5 88.
Kb8 Nd7+ 89. Ka8 Bc7 90. Ka7 Nb6 91. Ka6 Bb8 92.
Ka5 Nd5 93. Ka6 Nb4+ 94. Ka5 Kc5 95.
Ka4 Kc4 96. Ka5 Bc7+ 97. Ka4 Nd5 98.
Ka3 Nb4 99. Kb2 Bf4 100. Ka3 Nd3 101. Ka4 Bc7 102. Ka3 Bd8 103. Ka4 Nb2+ 104. Ka3 Kc3 105. Ka2 Kc2 106. Ka1 Be7 107. Ka2 Nd3 108. Ka1 Bf8 109. Ka2 Nc1+ 0-1

[Event "Kvibergspelen 2022"]
[Site "Kviberg Park Hotel & Conference, Krutvagen 2, Gothenburg, Sweden"]
[Date "2022.09.30"]
[Round "4.2"]
[White "Abdrlauf, Elham"]
[Black "Rasti, Arvin"]
[Result "1-0"]
[TimeControl "15 minutes + 5 seconds per move from move one (Round 1 - 4) / 90 minutes + 30 seconds per move from move one (Round 5 - 8)"]
[WhiteTitle "IM"]
[WhiteFideId "1533533"]
[BlackFideId "1741160"]
[WhiteElo "2487"]
[BlackElo "2186"]

1. e4 c6 2. d4 d5 3. Nc3 dxe4 4. Nxe4 Nf6 5. Nxf6+ exf6 6. c3 Bd6 7. Bd3 O-O 8. Ne2 Re8 9. Qc2 h5 10. O-O h4 11. Bf4 Na6 12. Rfe1 Nc7 13. h3 Nd5 14. Bxd6 Qxd6 15. Qd2 Bd7 16. c4 Ne7 17. Nc3 Ng6 18.
Bxg6 fxg6 19. c5 Qc7 20. Ne4 Be6 21. Nd6 Re7 22. Re4 Bd5 23. Rxh4 b6 24. Qd3 f5 25. Qg3 Bf7 26. Rf4 Re2 27.
Rf3 Rxb2 28. Re3 bxc5 29. dxc5 Rc2 30. Rae1 Rf8 31. Re7 Qb8 32. Rxf7 Rxf7 33. Re8+ Qxe8 34. Nxe8 Rxc5 35. Qxg6 Re5 36.
Qxc6 Rfe7 37. Nd6 Re1+ 38. Kh2 R1e2 39. Nxf5 1-0

[Event "Kvibergspelen 2022"]
[Site "Kviberg Park Hotel & Conference, Krutvagen 2, Gothenburg, Sweden"]
[Date "2022.09.30"]
[Round "4.3"]
[White "Hector, Jonny"]
[Black "Johannsson, Birkir Isak"]
[Result "1-0"]
[TimeControl "15 minutes + 5 seconds per move from move one (Round 1 - 4) / 90 minutes + 30 seconds per move from move one (Round 5 - 8)"]
[WhiteTitle "GM"]
[WhiteFideId "1700090"]
[BlackFideId "2314673"]
[WhiteElo "2454"]
[BlackElo "2165"]

1. e4 c5 2. Nf3 d6 3. d4 cxd4 4. Nxd4 Nf6 5. Nc3 a6 6. Bg5 Nbd7 7. f4 Qc7 8. Qf3 h6 9. Bxf6 Nxf6 10.
f5 Qc5 11. Nb3 Qe5 12. Nd2 Bd7 13. Nc4 Qc5 14. O-O-O Rc8 15. e5 Bc6 16. Qe2 dxe5 17. Qxe5 Qxe5 18. Nxe5 Ne4 19. Nxe4 Bxe4 20.
Bc4 e6 21. fxe6 fxe6 22. Rhe1 Bh7 23. Re2 Be7 24. Bxe6 Rc7 25. Bf7+ Kf8 26. Bb3 Bg5+ 27. Kb1 1-0

[Event "Kvibergspelen 2022"]
[Site "Kviberg Park Hotel & Conference, Krutvagen 2, Gothenburg, Sweden"]
[Date "2022.09.30"]
[Round "4.4"]
[White "Johannesson, Oliver"]
[Black "Stefansson, Vignir Vatnar"]
[Result "0-1"]
[TimeControl "15 minutes + 5 seconds per move from move one (Round 1 - 4) / 90 minutes + 30 seconds per move from move one (Round 5 - 8)"]
[WhiteTitle "FM"]
[BlackTitle "IM"]
[WhiteFideId "2305623"]
[BlackFideId "2308649"]
[WhiteElo "2205"]
[BlackElo "2452"]

1. d4 Nf6 2. c4 e6 3. Nf3 d5 4. g3 dxc4 5. Qa4+ Nbd7 6. Qxc4 a6 7. Bg2 b5 8. Qc2 Bb7 9. O-O c5 10. Rd1 Rc8 11. Qd3 cxd4 12. Nxd4 Bxg2 13. Kxg2 Nc5 14. Qe3 Qb6 15.
Nd2 Be7 16. N2f3 Nd5 17. Qd2 O-O 18. Qe1 Ne4 19. Bd2 Bf6 20. Ba5 Qb7 21. Kg1 b4 22. a3 b3 23. Bb4 Rfd8 24. Nxb3 Bxb2 25.
Rab1 Bc3 26. Bxc3 Nexc3 27. Nbd4 Nxb1 28. Rxb1 Qc7 29. Kg2 Qc3 30. Qf1 Qxa3 31. Ra1 Qc5 32. Rxa6 Nb4 33. Ra1 Rxd4 34. Nxd4 Qxd4 35. Qc1 Qd5+ 0-1

[Event "Kvibergspelen 2022"]
[Site "Kviberg Park Hotel & Conference, Krutvagen 2, Gothenburg, Sweden"]
[Date "2022.09.30"]
[Round "4.5"]
[White "Hamark, Jesper"]
[Black "Kashwan, Hassan"]
[Result "1-0"]
[TimeControl "15 minutes + 5 seconds per move from move one (Round 1 - 4) / 90 minutes + 30 seconds per move from move one (Round 5 - 8)"]
[WhiteFideId "1704338"]
[BlackFideId "137122555"]
[WhiteElo "2348"]
[BlackElo "1902"]

1. e4 c5 2. Nc3 Nc6 3. Bb5 Nd4 4.
Nf3 Nf6 5. e5 Nxb5 6. Nxb5 Nd5 7.
O-O a6 8. Nc3 Nb4 9. Re1 g6 10. Ne4 Bg7 11. Nxc5 Qc7 12. d4 b6 13. c3 bxc5 14. cxb4 cxd4 15. Qxd4 O-O 16. Bf4 Bb7 17.
Rac1 Qd8 18. Qe3 Rc8 19. Rxc8 Qxc8 20. Rc1 Qa8 21. h3 Bd5 22. a3 Rd8 23. Ne1 d6 24. Rd1 dxe5 25. Bxe5 f6 26.
Bc3 e6 27. f3 Rc8 28. Nd3 Bb3 29. Rd2 h5 30. Nc5 Bd5 31. Ne4 Rf8 32. Qd4 Rf7 33. Qd3 Kh7 34. Re2 Qc8 35. Nc5 a5 36. Re1 axb4 37. axb4 Bf8 38. Ne4 Be7 39. Ra1 Bc4 40.
Qe3 e5 41. Ra7 Kg7 42. Kh1 Qb8 43. Nc5 1-0

[Event "Kvibergspelen 2022"]
[Site "Kviberg Park Hotel & Conference, Krutvagen 2, Gothenburg, Sweden"]
[Date "2022.09.30"]
[Round "4.6"]
[White "Strom-Engdahl, Alexander"]
[Black "Persson, Sebastian"]
[Result "1-0"]
[TimeControl "15 minutes + 5 seconds per move from move one (Round 1 - 4) / 90 minutes + 30 seconds per move from move one (Round 5 - 8)"]
[WhiteFideId "1741586"]
[BlackFideId "1764187"]
[WhiteElo "2114"]
[BlackElo "1659"]

1. d4 d5 2. Bf4 Nf6 3. e3 c5 4. c3 Nc6 5. Nd2 Bf5 6. Ngf3 e6 7. Qa4 Bd6 8. Ba6 Bxf4 9. Bxb7 O-O 10.
exf4 Ne7 11. Bxa8 Qxa8 12. O-O cxd4 13. Nxd4 Bd3 14. Rfe1 Qb7 15. Qa3 Ng6 16. g3 h5 17. Re3 Bc4 18.
Qb4 Qc7 19. b3 Ba6 20. Nb5 Bxb5 21. Qxb5 h4 22. Rc1 Rb8 23. Qd3 Ng4 24. Re2 e5 25. Qf3 f5 26. fxe5 Rf8 27. Qxd5+ Kh8 28.
Qd6 Qf7 29. e6 Qf6 30. Qd4 N6e5 31. Rxe5 Nxe5 32.
Re1 Rd8 33. Qxe5 1-0

[Event "Kvibergspelen 2022"]
[Site "Kviberg Park Hotel & Conference, Krutvagen 2, Gothenburg, Sweden"]
[Date "2022.09.30"]
[Round "4.7"]
[White "Ulff, Johan"]
[Black "Kucuksari, Kaan"]
[Result "0-1"]
[TimeControl "15 minutes + 5 seconds per move from move one (Round 1 - 4) / 90 minutes + 30 seconds per move from move one (Round 5 - 8)"]
[BlackTitle "FM"]
[WhiteFideId "1733893"]
[BlackFideId "6380166"]
[WhiteElo "2132"]
[BlackElo "2482"]

1. Nf3 Nf6 2. c4 b6 3. g3 Bb7 4. Bg2 e6 5. b3 Be7 6. Bb2 O-O 7. O-O d5 8. Na3 d4 9. d3 c5 10. e4 Nc6 11. Bc1 e5 12. Nc2 Bc8 13. h3 h6 14.
Nh4 Re8 15. Nf5 Bf8 16. g4 Kh7 17.
Qd2 Ng8 18. Ne1 g6 19. Ng3 Be7 20. Nf3 a6 21. Kh2 Bf6 22. Rh1 b5 23. Kg1 Qe7 24. Kf1 bxc4 25. bxc4 Rb8 26. a3 Qb7 27.
g5 Bg7 28. h4 h5 29. Bh3 Bxh3+ 30. Rxh3 Qd7 31. Kg2 Nge7 32. Rh1 Nc8 33. Qe1 Nd6 34. Ng1 Kg8 35. N1e2 Rb3 36. Qd1 Reb8 37. f3 a5 38. Nf1 a4 39. Qc2 Na5 40. Nd2 R3b7 41.
Qd1 Ne8 42. Rh3 Nc7 43. Rg3 Ne6 44. Ra2 Bf8 45. Qf1 Bd6 46. Qd1 Rb6 47. Rh3 Be7 48. Rg3 Kg7 49. Kf2 f6 50. gxf6+ Bxf6 51.
Qg1 Bxh4 52. Kf1 Bxg3 53. Qxg3 Nf4 54. Nxf4 exf4 55. Qxf4 Rf8 56. Qe5+ Kh7 57. Qxc5 Qh3+ 58. Kf2 Qh2+ 59. Kf1 Qh1+ 60. Kf2 Rbf6 61. Ke2 Nb3 0-1

[Event "Kvibergspelen 2022"]
[Site "Kviberg Park Hotel & Conference, Krutvagen 2, Gothenburg, Sweden"]
[Date "2022.09.30"]
[Round "4.8"]
[White "Mitusov, Semen"]
[Black "Jakenberg, Jussi"]
[Result "1-0"]
[TimeControl "15 minutes + 5 seconds per move from move one (Round 1 - 4) / 90 minutes + 30 seconds per move from move one (Round 5 - 8)"]
[WhiteTitle "FM"]
[WhiteFideId "14151049"]
[BlackFideId "1710931"]
[WhiteElo "2418"]
[BlackElo "2114"]

1. e4 e5 2. Nf3 Nc6 3. Bc4 Bc5 4. c3 Nf6 5. d3 O-O 6. O-O d5 7. exd5 Nxd5 8. Re1 Bg4 9. h3 Bh5 10. Nbd2 Nb6 11. Bb5 f6 12.
Bxc6 bxc6 13. Ne4 Bd6 14. Ng3 Bf7 15. Nf5 Qd7 16. N3h4 Be6 17. Qf3 Rae8 18. Be3 a6 19. Nxd6 Qxd6 20.
d4 Nd5 21. Rad1 Nxe3 22. Rxe3 exd4 23. Rxd4 Bd5 24. Qd1 Rxe3 25. Nf5 Qe6 26. Nxe3 Bxa2 27. Rd7 Bd5 28. Rxc7 Re8 29. Qd4 Qd6 30.
Qa7 1-0

[Event "Kvibergspelen 2022"]
[Site "Kviberg Park Hotel & Conference, Krutvagen 2, Gothenburg, Sweden"]
[Date "2022.09.30"]
[Round "4.9"]
[White "Svensson, Hakan"]
[Black "Golubka, Petro"]
[Result "0-1"]
[TimeControl "15 minutes + 5 seconds per move from move one (Round 1 - 4) / 90 minutes + 30 seconds per move from move one (Round 5 - 8)"]
[BlackTitle "GM"]
[WhiteFideId "1714201"]
[BlackFideId "14114224"]
[WhiteElo "2067"]
[BlackElo "2360"]

1. d4 Nf6 2. Bg5 Ne4 3. Bh4 d5 4. f3 Nd6 5. Nc3 Nf5 6. Bf2 e6 7. e4 Ne7 8. Qd2 a6 9. Bd3 Nbc6 10.
O-O-O Nb4 11. Bf1 g6 12. h4 h5 13. Nh3 Qd6 14. Qe1 Bh6+ 15. Kb1 b6 16. Bg3 Qd7 17. Be5 Rf8 18. exd5 Nbxd5 19. Nxd5 Nxd5 20. c4 Ne3 21. Rd3 Nxc4 22. Bf6 Bb7 23. Ng5 b5 24. f4 Nb6 25. Nh7 Nd5 26. Nxf8 Kxf8 27. Bg5 Bg7 28. Rd1 f6 0-1

[Event "Kvibergspelen 2022"]
[Site "Kviberg Park Hotel & Conference, Krutvagen 2, Gothenburg, Sweden"]
[Date "2022.09.30"]
[Round "4.11"]
[White "Agdestein, Simen"]
[Black "Ibrahimli, Nihad"]
[Result "1-0"]
[TimeControl "15 minutes + 5 seconds per move from move one (Round 1 - 4) / 90 minutes + 30 seconds per move from move one (Round 5 - 8)"]
[WhiteTitle "GM"]
[WhiteFideId "1500015"]
[BlackFideId "13415514"]
[WhiteElo "2576"]
[BlackElo "1679"]

1. e4 c6 2. d4 d5 3. Nc3 dxe4 4. Nxe4 Bf5 5. Ng3 Bg6 6. h4 h6 7. Nf3 e6 8. Ne5 Ne7 9. Nxg6 Nxg6 10. h5 Ne7 11. c4 Qc7 12. Be3 Nd7 13.
Qf3 Nf6 14. O-O-O O-O-O 15. Bd3 Neg8 16. Kb1 Qa5 17. Bc2 Bd6 18. Ne2 Ne7 19. g4 e5 20. Bd2 Qa6 21. c5 Bc7 22. g5 hxg5 23.
Bxg5 Ned5 24. dxe5 1-0